 Dungeon Crawl Stone Soup version 0.27-b1-23-g44b8eac545 (webtiles) character file.

Game seed: 17479096301272814648

144 Gorgoleon the Poker (level 5, -2/41 HPs)
             Began as a Merfolk Gladiator on July 27, 2021.
             Killed by nerve-wracking pain
             ... invoked by an orc priest
              (11 damage)
             ... on level 3 of the Dungeon.
             The game lasted 00:04:52 (1945 turns).

Gorgoleon the Poker (Merfolk Gladiator)             Turns: 1945, Time: 00:04:53

Health: -2/41      AC:  5    Str: 16    XL:     5   Next: 27%
Magic:  5/5        EV: 13    Int:  7    God:
Gold:   62         SH:  0    Dex: 15    Spells: 4/4 levels left

rFire    . . .     SeeInvis .   a - +0 trident
rCold    . . .     Faith    .   (no shield)
rNeg     . . .     Spirit   .   b - +0 leather armour
rPois    .         Reflect  .   c - +0 helmet
rElec    .         Harm     .   (no cloak)
rCorr    .         Rampage  .   m - +0 pair of gloves
Will     .....                  (no boots)
Stlth    +.........             k - amulet of regeneration
HPRegen  1.13/turn              (no ring)
MPRegen  0.09/turn              (no ring)

@: no status effects
A: (nimble swimmer 2), mertail
a: no special abilities


You were on level 3 of the Dungeon.
You visited 1 branch of the dungeon, and saw 3 of its levels.

You collected 62 gold pieces.

Inventory:

Hand Weapons
 a - a +0 trident (weapon)
Missiles
 d - 4 throwing nets (quivered)
 h - 121 stones
Armour
 b - a +0 leather armour (worn)
 c - a +0 helmet (worn)
 m - a +0 pair of gloves (worn)
Jewellery
 k - an amulet of regeneration (around neck)
Scrolls
 i - a scroll of summoning {unknown}
 j - a scroll of enchant weapon {unknown}
 l - a scroll of enchant armour {unknown}
Potions
 e - a potion of degeneration {unknown}
 f - a potion of lignification {unknown}
 g - a potion of brilliance {unknown}


   Skills:
 - Level 3.0 Fighting
 + Level 7.2 Polearms
 - Level 2.0 Throwing
 - Level 5.0 Dodging


You had 4 spell levels left.
You didn't know any spells.
Your spell library contained the following spells:

 Spells                   Type           Power      Damage    Failure   Level
 Apportation              Tloc           0%         N/A       50%         1
 Alistair's Intoxication  Tmut/Pois      0%         N/A       100%        5
 Invisibility             Hex            0%         N/A       100%        6


Dungeon Overview and Level Annotations

Branches:
Dungeon (3/15)

Altars:

Shops:
D:1 [


Innate Abilities, Weirdness & Mutations

((You are quick and stealthy near water. (Stealth+, EV+, Speed+++)))
Your lower body shifts to a powerful aquatic tail in water.


Message History

You reach to attack!
You barely miss the orc priest. The bat barely misses you.
The orc priest looks encouraged for a moment.
You reach to attack!
You closely miss the orc priest. The bat barely misses you.
You reach to attack!
You barely miss the orc priest. The bat hits you but does no damage.
You hit the bat.
You kill the bat!
The orc priest calls down the wrath of Beogh upon you.
Pain shoots through your body!
You reach to attack!
You closely miss the orc priest.
You reach to attack!
You closely miss the orc priest. The orc priest closely misses you.
You barely miss the orc priest. You puncture the orc priest!
The orc priest is heavily wounded.
The orc priest barely misses you.
You closely miss the orc priest.
The orc priest is heavily wounded.
The orc priest hits you with a +0 flail of protection.
You hit the orc priest.
The orc priest is severely wounded.
The orc priest misses you.
You hit the orc priest.
The orc priest is severely wounded.
The orc priest invokes the aid of Beogh against you.
Beogh smites you!
You hit the orc priest.
The orc priest is almost dead.
The orc priest looks encouraged for a moment.
You barely miss the orc priest.
The orc priest is almost dead.
The orc priest mumbles some strange prayers to Beogh against you.
Pain shoots through your body!
* * * LOW HITPOINT WARNING * * *
You hit the orc priest but do no damage.
The orc priest is almost dead.
The orc priest mumbles some strange prayers to Beogh against you.
Pain shoots through your body!
You die...

....... ### ##......
..# #...... ##.# .. ..
... #. ....###o# #.
#..o..#############.
#.#####.........##....
#....@o...............
#######...............
#...............
#.........#.....
#.........#.####
#.....[...#.#
#.........#.#
###########.####
#.....


You could see an orc priest.

Vanquished Creatures
  Natasha (thrice) (D:2)
  2 adders (D:3)
  3 dart slugs
  An orc (D:3)
  6 bats
  4 endoplasms
  5 giant cockroaches
  2 goblins
  3 hobgoblins
  2 jackals (D:2)
  A quokka (D:1)
  2 ball pythons (D:1)
  4 frilled lizards
  4 kobolds
  5 rats
47 creatures vanquished.

Notes
Turn   | Place    | Note
-------+----------+-------------------------------------------
     0 | D:1      | Gorgoleon the Merfolk Gladiator began the quest for the
                  | Orb.
     0 | D:1      | Reached XP level 1. HP: 16/16 MP: 1/1
   285 | D:1      | Found Zefreog's Antique Armour Shop.
   326 | D:1      | Reached XP level 2. HP: 22/22 MP: 2/2
   448 | D:1      | Reached skill level 5 in Polearms
   850 | D:1      | Reached XP level 3. HP: 28/28 MP: 3/3
  1290 | D:2      | Noticed Natasha
  1300 | D:2      | Killed Natasha
  1426 | D:2      | Noticed Natasha
  1435 | D:2      | Killed Natasha
  1436 | D:2      | Reached skill level 6 in Polearms
  1436 | D:2      | Reached XP level 4. HP: 34/34 MP: 4/4
  1584 | D:2      | Noticed Natasha
  1596 | D:2      | Killed Natasha
  1597 | D:2      | Reached skill level 5 in Dodging
  1731 | D:3      | Reached XP level 5. HP: 40/40 MP: 5/5
  1852 | D:3      | Reached skill level 7 in Polearms
  1865 | D:3      | Found a faded altar of an unknown god.
  1945 | D:3      | Killed from afar by an orc priest

Illustrated notes

Levels and vault maps discovered:
D:1:      amcnicky_arrival_flooded_fountain, layout_basic, serial_shops, shop
D:2:      layout_basic, kennysheep_generic_room_11, uniq_natasha
D:3:      layout_basic, basic_ecumenical_altar, st_stairs_8, minmay_rat_hole

Skill      XL: |  1  2  3  4  5 |
---------------+----------------+-----
Polearms       | 5 6 7 |  7.2
Dodging        | 5 |  5.0
Fighting       | 3 |  3.0
Throwing       | |  2.0

Action                   |  1- 3 |  4- 6 || total
-------------------------+-------+-------++-------
Melee: Trident           |    97 |    67 ||   164
  Use: Scroll            |     3 |       ||     3
 Stab: Sleeping          |     2 |     2 ||     4
Armor: Leather armour    |    17 |    13 ||    30
Dodge: Dodged            |    57 |    37 ||    94
